 Dungeon Crawl Stone Soup version 0.22.0-40-g68aacdc4c8 (webtiles) character file.

87 Kaderl the Firebug (level 4, 0/30 HPs)
             Began as a Human Fire Elementalist on Sept 2, 2018.
             Killed from afar by Natasha (7 damage)
             ... with a magic dart
             ... on level 3 of the Dungeon.
             The game lasted 00:13:06 (2306 turns).

Kaderl the Firebug (Human Fire Elementalist)        Turns: 2306, Time: 00:13:07

Health: 0/30       AC:  3    Str:  8    XL:     4   Next: 80%
Magic:  0/8        EV: 12    Int: 16    God:
Gold:   118        SH:  0    Dex: 14    Spells: 5/8 levels left

rFire    + . .     SeeInvis .   (no weapon)
rCold    . . .     Gourm    .   (no shield)
rNeg     . . .     Faith    .   a - +1 robe
rPois    .         Spirit   .   (no helmet)
rElec    .         Reflect  .   (no cloak)
rCorr    .         Harm     .   (no gloves)
MR       .....                  (no boots)
Stlth    ++........             (no amulet)
HPRegen  0.10/turn              d - ring of protection from fire
MPRegen  0.11/turn              (no ring)

@: very slightly contaminated
A: no striking features
a: no special abilities


You were on level 3 of the Dungeon.
You were not hungry.

You visited 1 branch of the dungeon, and saw 4 of its levels.

You collected 118 gold pieces.

Inventory:

Armour
 a - a +1 robe (worn)
Jewellery
 d - a ring of protection from fire (left hand)
Wands
 i - a wand of enslavement (8)
 j - a wand of polymorph (9)
 l - a wand of flame (12)
Potions
 b - a potion of lignification
 e - a potion of berserk rage
 f - a potion of haste {unknown}
 k - a potion of flight {unknown}
Comestibles
 c - 5 rations


   Skills:
 + Level 2.2 Dodging
 + Level 2.3 Stealth
 + Level 0.3 Unarmed Combat
 + Level 2.7 Spellcasting
 + Level 1.7 Conjurations
 + Level 4.0 Fire Magic


You had 5 spell levels left.
You knew the following spells:

 Your Spells              Type           Power        Failure   Level  Hunger
a - Flame Tongue          Conj/Fire      ##...        6%          1    #......
b - Throw Flame           Conj/Fire      ##....       9%          2    ##.....

Your spell library contained the following spells:

 Spells                   Type           Power        Failure   Level  Hunger
 Conjure Flame            Conj/Fire      ##......     19%         3    ###....
 Inner Flame              Hex/Fire       #.......     26%         3    ###....
 Sticky Flame             Conj/Fire      ##......     52%         4    #####..
 Fireball                 Conj/Fire      ##........   86%         5    ######.


Dungeon Overview and Level Annotations

Branches:
Dungeon (4/15)
 Temple: D:4-7

Altars:

Annotations:
D:3 Natasha


Message History

Press: ? - help, Shift-Dir - straight line, f/p - Natasha
Aim: Natasha (severely wounded, unusually strong)
The flame tongue hits Natasha.
Natasha is almost dead.
Natasha misses you. The rat bites you.
Casting: Flame Tongue (safe; 6% risk of failure)
Confirm with . or Enter, or press ? or * to list all spells.
Aiming: Flame Tongue (safe; 6% risk of failure)
Press: ? - help, Shift-Dir - straight line, f/p - Natasha
Aim: Natasha (almost dead, unusually strong)
The flame tongue misses Natasha.
Natasha claws you.
* * * LOW HITPOINT WARNING * * *
The rat closely misses you.
Aiming: Throw Flame
Press: ? - help, Shift-Dir - straight line, f/p - Natasha
Aim: Natasha (almost dead, unusually strong)
The puff of flame misses Natasha.
Natasha casts a spell at you. The magic dart hits you!
You die...

#.....# #...).#
#..(..####### #
#........h..##....
#.......5.)r...#
#(....######..##
#.....# .)r#
#....h## #..)
#....@.## #.
######r.# ##.# #.#
#.# #.# #.## #..##
##..###


You could see Natasha and a rat.

Vanquished Creatures
  Jessica (D:3)
  An adder (D:3)
  A worm (D:2)
  2 dart slugs
  A leopard gecko (D:1)
  3 orcs (D:3)
  A giant cockroach (D:3)
  6 goblins
  9 hobgoblins
  3 kobolds
  A ball python (D:1)
  5 bats (D:1)
  3 frilled lizards
  7 rats
44 creatures vanquished.

Vanquished Creatures (others)
  A kobold (D:3)
1 creature vanquished.

Grand Total: 45 creatures vanquished

Notes
Turn   | Place    | Note
-------+----------+-------------------------------------------
     0 | D:1      | Kaderl the Human Fire Elementalist began the quest for the Orb.
     0 | D:1      | Reached XP level 1. HP: 13/13 MP: 3/3
   175 | D:1      | Reached XP level 2. HP: 14/19 MP: 1/5
   594 | D:1      | Reached XP level 3. HP: 24/24 MP: 3/6
   920 | D:1      | Learned a level 2 spell: Throw Flame
  1679 | D:3      | Noticed Jessica
  1958 | D:3      | Killed Jessica
  1958 | D:3      | Reached XP level 4. HP: 7/30 MP: 0/7
  2198 | D:3      | Reached skill level 4 in Fire Magic
  2215 | D:3      | Noticed Natasha
  2266 | D:4      | Noticed an ogre
  2282 | D:4      | Noticed a black bear
  2282 | D:4      | an ogre changed into a black bear
  2306 | D:3      | Killed from afar by Natasha

Skill      XL: |  1  2  3  4 |
---------------+-------------+-----
Fire Magic     | 4 |  4.0
Dodging        | |  2.2
Stealth        | |  2.3
Unarmed Combat | |  0.3
Spellcasting   | |  2.7
Conjurations   | |  1.7

Action                   |  1- 3 |  4- 6 || total
-------------------------+-------+-------++-------
Melee: Unarmed           |    41 |     1 ||    42
 Cast: Flame Tongue      |    59 |     9 ||    68
       Throw Flame       |     3 |     9 ||    12
Evoke: Wand              |       |     7 ||     7
  Use: Scroll            |     3 |     3 ||     6
  Eat: Ration            |     2 |       ||     2
Armor: Robe              |    20 |     8 ||    28
Dodge: Dodged            |    49 |    16 ||    65
